 Dungeon Crawl Stone Soup version 0.29.1-1-gd02db6906a (webtiles) character file.

Game seed: 15722865791808543065

29698 juncz the Warrior (level 13, -11/109 HPs)
             Began as a Djinni Conjurer on Sept 30, 2022.
             Was a High Priest of Makhleb.
             Shot with an arrow by a centaur warrior (25 damage)
             ... on level 13 of the Dungeon.
             The game lasted 00:43:26 (22320 turns).

juncz the Warrior (Djinni Conjurer)                Turns: 22320, Time: 00:43:27

Health: -11/109    AC:  8    Str:  6    XL:     13   Next: 83%
Gold:   661        EV: 13    Int: 26    God:    Makhleb [*****.] SH:  0 Dex: 27

rFire   + + +      SeeInvis .   H - +0 dagger of Loppad {vorpal, Drain rElec rC+ Dex+7}
rCold   + + .      Faith    .   (no shield)
rNeg    . . .      Spirit   .   Y - +2 robe {rC+}
rPois   ∞          Reflect  .   Q - +1 hat {Stlth+}
rElec   +          Harm     .   r - +0 cloak
rCorr   .          Rampage  .   P - +1 pair of gloves {Stlth+}
Will    +....                   (boots unavailable)
Stlth   +++++.....              (no amulet)
HPRegen 0.28/turn               n - ring "Heaf" {Wiz Drain rElec rF++}
MPRegen 0.00/turn               R - ring of Yvoud {rC+ Int+3 Dex+6}

@: about to teleport, flying
A: sickness immunity, fire resistance 2, cold vulnerability 1, float, innate
caster, HP casting, extra vitality 1
a: Renounce Religion, Minor Destruction, Lesser Servant of Makhleb, Major
Destruction, Greater Servant of Makhleb


You were on level 13 of the Dungeon.
You worshipped Makhleb.
Makhleb was extremely pleased with you.
You visited 2 branches of the dungeon, and saw 17 of its levels.

You collected 971 gold pieces.
You spent 310 gold pieces at shops.

Inventory:

Hand Weapons
 h - a +2 whip of venom
 H - the +0 dagger of Loppad (weapon) {vorpal, Drain rElec rC+ Dex+7}
   (You found it on level 5 of the Dungeon)

   It inflicts extra damage upon your enemies.
   Dex:       It affects your dexterity (+7).
   rC:        It protects you from cold.
   rElec:     It insulates you from electricity.
   Drain:     It drains your maximum health when unequipped.
Missiles
 W - 2 throwing nets
Armour
 e - the +1 robe of Masochism {rN++ Dex-3}
   (You found it on level 10 of the Dungeon)

   Dex:       It affects your dexterity (-3).
   rN:        It greatly protects you from negative energy.
 r - a +0 cloak (worn)
 D - a +2 robe of willpower
 O - a +0 hat
 P - a +1 pair of gloves of stealth (worn)
 Q - a +1 hat of stealth (worn)
 Y - a +2 robe of cold resistance (worn)
Magical Staves
 E - a staff of poison
Jewellery
 n - the ring "Heaf" (left hand) {Wiz Drain rElec rF++}
   (You found it on level 2 of the Dungeon)

   [ring of wizardry]

   It improves your spell success rate.
   rF:        It greatly protects you from fire.
   rElec:     It insulates you from electricity.
   Drain:     It drains your maximum health when unequipped.
 p - a +6 ring of intelligence
 A - the ring of Bismoenn {rCorr Str+2}
   (You found it on level 5 of the Dungeon)

   [ring of resist corrosion]

   Str:       It affects your strength (+2).
   rCorr:     It protects you from acid and corrosion.
 R - the ring of Yvoud (right hand) {rC+ Int+3 Dex+6}
   (You found it on level 2 of the Lair of Beasts)

   [ring of dexterity]

   Int:       It affects your intelligence (+3).
   Dex:       It affects your dexterity (+6).
   rC:        It protects you from cold.
 X - a ring of ice
Wands
 u - a wand of light (6)
 z - a wand of flame (15)
 C - a wand of mindburst (23)
 G - a wand of digging (8)
 K - a wand of paralysis (12)
 N - a wand of iceblast (33)
 U - a wand of polymorph (5)
Scrolls
 a - 2 scrolls of torment
 d - a scroll of noise {unknown}
 f - 2 scrolls of butterflies {unknown}
 g - 7 scrolls of teleportation
 j - 3 scrolls of brand weapon
 m - 2 scrolls of poison {unknown}
 o - 2 scrolls of amnesia
 s - 6 scrolls of immolation
 t - 4 scrolls of summoning
 y - 3 scrolls of blinking
 I - 2 scrolls of enchant armour {unknown}
 M - a scroll of magic mapping
 S - a scroll of vulnerability {unknown}
 T - 2 scrolls of silence {unknown}
Potions
 b - a potion of ambrosia {unknown}
 c - 5 potions of degeneration {unknown}
 i - 3 potions of lignification {unknown}
 k - a potion of resistance {unknown}
 l - 3 potions of haste {unknown}
 q - 8 potions of curing {unknown}
 v - 4 potions of might
 w - 2 potions of berserk rage {unknown}
 x - 5 potions of heal wounds {unknown}
 B - 5 potions of attraction {unknown}
 F - a potion of mutation {unknown}
 J - 2 potions of flight {unknown}
 L - 4 potions of brilliance {unknown}
Miscellaneous
 V - a box of beasts


   Skills:
 + Level 15.8 Fighting
 - Level 2.1 Dodging
 - Level 1.5 Stealth
 + Level 12.8 Spellcasting


You had 5 spell levels left.
You knew the following spells:

 Your Spells              Type           Power      Damage    Failure   Level
a - Magic Dart            Conj           100%       1d8       0%          1
b - Searing Ray           Conj           100%       2d8       1%          2
c - Dazzling Flash        Conj/Hex       100%       N/A       1%          3
d - Fulminant Prism       Conj/Hex       35%        3d18      1%          4
e - Iskenderun's Mystic   Conj/Tloc      70%        2d14      1%          4
f - Apportation           Tloc           100%       N/A       0%          1
g - Scorch                Fire           100%       2d10      1%          2
h - Blink                 Tloc           100%       N/A       1%          2
i - Animate Dead          Necr           70%        N/A       1%          4
j - Dispel Undead         Necr           70%        3d24      1%          4
k - Blade Hands           Tmut           35%        N/A       1%          5
Your spell library was empty.

Dungeon Overview and Level Annotations

Branches:
Dungeon (11/15)            Temple (0/1) D:4            Lair (5/5) D:9
 Shoals (0/4) Lair:3       Spider (0/4) Lair:3        Slime (0/5) Lair:5
    Orc (0/2) D:9

Altars:
Ashenzari
Dithmenos
Elyvilon
Gozag
Makhleb
Okawaru
Qazlal
Ru
Trog
Wu Jian
Xom
Zin

Shops:
D:6 *   D:9 [

Portals:
Trove: D:10 (give +3 fire dragon scales)

Annotations:
D:3 1 runed translucent door, XxsatanxX's ghost, amateur MiBe
D:4 2 transporters, juncz's ghost, novice GnIE


Innate Abilities, Weirdness & Mutations

You are immune to sickness and miasma.
You are immune to poison.
Your flesh is very heat resistant. (rF++)
You are vulnerable to cold. (rC-)
You float through the air rather than walking.
You learn spells naturally, not from books.
Your magical power is your life essence.
You have superior vitality. (+4 MHP)


Message History

The arrow hits you.
The centaur shoots an arrow.
The arrow closely misses you.
The centaur wields a +0 shortbow.
The centaur shoots an arrow.
The arrow hits you.
A centaur warrior comes into view.
Casting: Iskenderun's Mystic Blast (safe; 1% risk of failure)
Confirm with . or Enter, or press ? or * to list all spells.
Okay, then.
As you read the scroll of teleportation, it crumbles to dust.
You feel strangely unstable.
The centaur warrior shoots an arrow.
The arrow hits you!
The centaur shoots an arrow.
The arrow hits you.
The centaur shoots an arrow.
The arrow closely misses you.
The centaur shoots an arrow.
The arrow hits you but does no damage.
The centaur warrior shoots an arrow.
The arrow misses you.
The centaur shoots an arrow.
The arrow closely misses you.
The centaur shoots an arrow.
The arrow misses you.
You hear a shout!
The centaur shoots an arrow.
The arrow hits you!
You hear a shout!
The centaur warrior shouts!
The centaur shoots an arrow.
The arrow hits you.
The centaur shoots an arrow.
The arrow misses you.
The arrow hits the plant!
The plant begins to die.
The centaur warrior wields a +0 shortbow.
The centaur warrior shoots an arrow.
The arrow hits you!
The centaur shoots an arrow.
The arrow hits you.
The centaur shoots an arrow.
The arrow barely misses you.
The arrow hits the plant!
The centaur shoots an arrow.
The arrow hits you!
The centaur shoots an arrow.
The arrow hits you.
Your surroundings suddenly seem different.
A troll, an orc knight, a boulder beetle and a cyclops come into view.
Found a book of Hexes, 4 stones and a runed spear.
The orc knight shouts!
The cyclops shouts!
You hear a shout!
The troll shouts!
You hear a roar!
You hear a shout!
You hear an angry hiss.
Okay, then.
As you read the scroll of teleportation, it crumbles to dust.
You feel strangely unstable.
A centaur warrior comes into view.
The cyclops throws a large rock.
The large rock hits you!!
* * * LOW HITPOINT WARNING * * *
The centaur warrior wields a +0 shortbow.
The centaur warrior shoots an arrow.
The arrow hits you!!
You die...

... c.... ....
#.). ## #.⌠(
###
#.T#.:.#..#
#.......o.#
#.......###...
#@.....#
#.B....C.#
#..#..#..#
####..# # .#
.. .. #..


You could see a boulder beetle, an orc knight, a centaur warrior, a cyclops and
a troll.

Vanquished Creatures
  Gastronok (Lair:2)
  Fannar (D:10)
  3 hydras
  2 two-headed ogres
  Nergalle (Lair:2)
  Amaemon (Lair:2)
  A deep elf pyromancer (D:8)
  A cyclops (D:9)
  2 black mambas
  6 elephants
  10 cane toads
  An orange demon (Lair:2)
  2 rime drakes
  4 komodo dragons
  A troll (D:5)
  A polar bear (Lair:3)
  7 dream sheep (Lair:4)
  11 blink frogs
  2 jumping spiders (Lair:3)
  A vampire (D:11)
  7 wyverns
  5 basilisks
  19 yaks
  2 steam dragons
  17 water moccasins
  An acid dragon (D:8)
  2 orc warriors
  2 black bears (D:9)
  2 sky beasts (D:8)
  An ogre (D:7)
  4 wolves
  3 centaurs (D:8)
  2 phantoms (D:4)
  2 kobold brigands (D:7)
  11 bullfrogs
  4 scorpions
  17 wights
  8 killer bees
  5 howler monkeys
  3 hounds
  A jelly (D:6)
  A gnoll bouda (D:7)
  4 orc priests
  Crazy Yiuf (D:2)
  Jessica (D:2)
  17 hell rats
  3 iguanas
  7 orc wizards
  10 gnolls
  8 adders
  2 shadow imps (D:7)
  2 white imps (D:5)
  2 orc zombies (D:9)
  2 worms
  29 orcs
  8 ball pythons
  7 endoplasms
  2 giant cockroaches
  5 goblins
  8 hobgoblins
  7 jackals (D:1)
  18 kobolds
  4 quokkas
  5 bats
  6 frilled lizards
  3 rats
339 creatures vanquished.

Vanquished Creatures (collateral kills)
  2 orcs (D:9)
2 creatures vanquished.

Vanquished Creatures (others)
  An orc zombie (D:9)
  43 fulminant prisms
  17 fungi
  26 plants
87 creatures vanquished.

Grand Total: 428 creatures vanquished

Notes
Turn   | Place    | Note
-------+----------+-------------------------------------------
     0 | D:1      | juncz the Djinni Conjurer began the quest for the Orb.
     0 | D:1      | juncz set off with the following spells memorised: Magic
                  | Dart, Searing Ray, Dazzling Flash, Fulminant Prism,
                  | Iskenderun's Mystic Blast.
     0 | D:1      | Reached XP level 1. HP: 15/15 MP: 0/0
   151 | D:1      | Reached XP level 2. HP: 21/22 MP: 0/0
   237 | D:1      | Reached skill level 1 in Fighting
   813 | D:1      | Reached XP level 3. HP: 17/27 MP: 0/0
   813 | D:1      | Learned a level 1 spell: Apportation
  1908 | D:2      | Reached skill level 2 in Fighting
  2288 | D:2      | Noticed Jessica
  2297 | D:2      | Killed Jessica
  2298 | D:2      | Reached XP level 4. HP: 11/34 MP: 0/0
  2963 | D:2      | Identified the ring "Heaf" {Wiz Drain rElec rF++}
  3287 | D:2      | Found a runed translucent door.
  3288 | D:2      | Noticed Crazy Yiuf
  3296 | D:2      | Killed Crazy Yiuf
  3297 | D:2      | Reached skill level 3 in Fighting
  3297 | D:2      | Reached XP level 5. HP: 27/40 MP: 0/0
  3297 | D:2      | Learned a level 2 spell: Scorch
  3714 | D:3      | Found a runed translucent door.
  3716 | D:3      | Noticed XxsatanxX's ghost (amateur MiBe)
  4416 | D:4      | Reached XP level 6. HP: 2/47 MP: 0/0
  4780 | D:4      | Reached skill level 4 in Fighting
  5188 | D:4      | Found a burning altar of Makhleb.
  5196 | D:4      | Became a worshipper of Makhleb the Destroyer
  5281 | D:4      | Reached XP level 7. HP: 40/53 MP: 0/0
  5281 | D:4      | Learned a level 2 spell: Blink
  5287 | D:4      | Reached skill level 5 in Spellcasting
  5474 | D:4      | Found a staircase to the Ecumenical Temple.
  5514 | D:4      | Noticed juncz's ghost (novice GnIE)
  5516 | D:4      | Found a transporter.
  5533 | D:4      | Found a transporter.
  5630 | D:4      | Found an iron altar of Okawaru.
  5795 | D:5      | Entered Level 5 of the Dungeon
  5856 | D:5      | Identified the ring of Bismoenn {rCorr Str+2}
  5998 | D:5      | Found a faded altar of an unknown god.
  5998 | D:5      | Found an opulent altar of Gozag.
  6006 | D:5      | Found a faded altar of an unknown god.
  6008 | D:5      | Found an ornate altar of the Wu Jian Council.
  6010 | D:5      | Found a shadowy altar of Dithmenos.
  6042 | D:5      | Found a large runed translucent door.
  6071 | D:5      | Found a sacrificial altar of Ru.
  6076 | D:5      | Reached skill level 5 in Fighting
  6216 | D:5      | Found a stormy altar of Qazlal.
  6294 | D:5      | Found a shimmering altar of Xom.
  6327 | D:5      | Found a large runed translucent door.
  6329 | D:5      | Noticed a water moccasin
  6333 | D:5      | Killed a water moccasin
  6413 | D:5      | Found a large runed translucent door.
  6413 | D:5      | Found a large runed translucent door.
  6414 | D:5      | Noticed a troll
  6462 | D:5      | Noticed a water moccasin
  6465 | D:5      | Killed a water moccasin
  6466 | D:5      | Reached XP level 8. HP: 52/61 MP: 0/0
  6482 | D:5      | Reached skill level 6 in Fighting
  6580 | D:5      | Noticed a yak
  6585 | D:5      | Killed a yak
  6895 | D:5      | Reached * piety under Makhleb
  7544 | D:5      | Killed a troll
  7545 | D:5      | Reached skill level 7 in Fighting
  7545 | D:5      | Reached XP level 9. HP: 41/68 MP: 0/0
  7545 | D:5      | Learned a level 4 spell: Animate Dead
  7549 | D:5      | Identified the +0 dagger of Loppad {vorpal, Drain rElec rC+
                  | Dex+7}
  7805 | D:6      | Found Qiciad's Assorted Antiques.
  8363 | D:7      | Reached skill level 8 in Fighting
  9158 | D:7      | Identified the +1 robe of the Earth {Dex+3}
  9877 | D:8      | Noticed a deep elf pyromancer
  9881 | D:8      | Killed a deep elf pyromancer
  9882 | D:8      | Reached skill level 9 in Fighting
  9882 | D:8      | Reached XP level 10. HP: 47/78 MP: 0/0
  9958 | D:8      | Noticed a two-headed ogre
  9961 | D:8      | Killed a two-headed ogre
  9962 | D:8      | Reached skill level 10 in Fighting
 10364 | D:8      | Reached ** piety under Makhleb
 11571 | D:8      | Found a glowing silver altar of Zin.
 11633 | D:9      | Reached skill level 11 in Fighting
 11633 | D:9      | Reached XP level 11. HP: 77/87 MP: 0/0
 11633 | D:9      | Learned a level 4 spell: Dispel Undead
 11690 | D:9      | Noticed a cyclops
 11700 | D:9      | Killed a cyclops
 11711 | D:9      | Noticed a two-headed ogre
 12133 | D:9      | Found a staircase to the Lair.
 12143 | D:9      | Killed a two-headed ogre
 12232 | D:9      | Found a white marble altar of Elyvilon.
 12269 | D:9      | Found a broken altar of Ashenzari.
 12299 | D:9      | Found a bloodstained altar of Trog.
 13185 | D:9      | Found a staircase to the Orcish Mines.
 13225 | D:9      | Found Baviwius's Antique Armour Shoppe.
 13232 | D:9      | Bought a hat for 108 gold pieces
 13232 | D:9      | Bought a pair of glowing gloves for 202 gold pieces
 13508 | Lair:1   | Entered Level 1 of the Lair of Beasts
 13514 | Lair:1   | Noticed a four-headed hydra
 13525 | Lair:1   | Reached skill level 12 in Fighting
 13530 | Lair:1   | Reached skill level 10 in Spellcasting
 13530 | Lair:1   | Killed a four-headed hydra
 13796 | Lair:1   | Reached *** piety under Makhleb
 13976 | Lair:1   | Noticed an elephant
 14076 | Lair:1   | Noticed an elephant
 14081 | Lair:1   | Killed an elephant
 14082 | Lair:1   | Reached XP level 12. HP: 76/96 MP: 0/0
 14157 | Lair:1   | Reached skill level 13 in Fighting
 15718 | Lair:2   | Noticed Nergalle
 15725 | Lair:2   | Noticed a six-headed hydra
 15728 | Lair:2   | Killed Nergalle
 15737 | Lair:2   | Killed a six-headed hydra
 15999 | Lair:2   | Noticed Gastronok
 16018 | Lair:2   | Killed Gastronok
 16019 | Lair:2   | Reached skill level 14 in Fighting
 16313 | Lair:2   | Identified the ring of Yvoud {rC+ Int+3 Dex+6}
 16695 | Lair:2   | Noticed Amaemon
 16717 | Lair:2   | Killed Amaemon
 17774 | Lair:3   | Reached XP level 13. HP: 83/106 MP: 0/0
 17774 | Lair:3   | Learned a level 5 spell: Blade Hands
 18621 | Lair:3   | Found a staircase to the Shoals.
 18883 | Lair:3   | Identified the +0 great sword of Rownime {protect, Str+2
                  | Dex+3}
 19061 | Lair:3   | Found a hole to the Spider Nest.
 19793 | Lair:4   | Noticed a six-headed hydra
 19795 | Lair:4   | Reached skill level 15 in Fighting
 19799 | Lair:4   | Reached **** piety under Makhleb
 19807 | Lair:4   | Killed a six-headed hydra
 21032 | Lair:5   | Entered Level 5 of the Lair of Beasts
 21200 | D:10     | Entered Level 10 of the Dungeon
 21269 | D:10     | Identified the +1 robe of Masochism {rN++ Dex-3}
 21488 | D:10     | Found a portal to a secret trove of treasure.
 21488 | D:10     | Noticed Fannar
 21499 | D:10     | Killed Fannar
 21954 | D:10     | Reached ***** piety under Makhleb
 22254 | D:11     | You are sucked into a shaft and drop 2 floors!
 22314 | D:13     | Noticed a centaur warrior
 22315 | D:13     | Noticed a centaur warrior
 22319 | D:13     | Noticed a boulder beetle
 22320 | D:13     | Noticed a centaur warrior
 22320 | D:13     | Shot with an arrow by a centaur warrior

Illustrated notes

Levels and vault maps discovered:
D:1:      eino_arrival_water_cross, layout_basic, kennysheep_boxes
D:2:      layout_basic, minmay_circle_x, uniq_jessica, uniq_crazy_yiuf_cottage
D:3:      layout_rooms, ebering_ghost_sewer_d, hangedman_decor_points
D:4:      layout_loops_cross, mainiacjoe_overflow_surrounded_room,
          okawaru_metal_pillars_1_2, temple_fountains, gammafunk_ghost_arena,
          nicolae_figureground_pulse
D:5:      layout_basic, nicolae_overflow_squiral,
          chequers_temple_overflow_minitemple,
          nicolae_ru_great_annihilating_truth, minmay_hollow_rounded_squares
D:6:      layout_rooms, serial_shops, nicolae_shop_stone
D:7:      layout_basic, vehumet_crystals
D:8:      layout_loops_ring, kennysheep_mini_moat
D:9:      layout_roguey, trog_three_pillars_becter,
          nicolae_ashenzari_panopticon, elyvilon_altar_4,
          minmay_lair_entry_grove, hiddenorc1_lemuel, serial_shops, shop,
          serial_rivers, chequers_serial_rivers_room_a,
          chequers_serial_rivers_micro_b, chequers_serial_rivers_room_b,
          chequers_serial_rivers_micro_b, chequers_serial_rivers_small_a
D:10:     layout_rooms, general_overflow_altar, enter_trove_1,
          chequers_serial_rivers_room_a, uniq_fannar
D:11:     layout_long_grid
D:13:     hangedman_cross_cluster, layout_loops_ring, serial_bayou_ford_a,
          hangedman_decor_diamond_cutter
Lair:1:   layout_cave_pods, beast_lair_carwin_3, serial_bayou_shore_a,
          grunt_megastairs_1
Lair:2:   layout_long_grid, chequers_serial_rivers_large_b, minivault_24,
          grunt_megastairs_2, uniq_amaemon, uniq_gastronok, uniq_nergalle
Lair:3:   layout_gridlike, shoals_dummy_entry, spider_nest_entry_a,
          grunt_megastairs_3
Lair:4:   layout_roguey
Lair:5:   grunt_lair_end_beastmaster, layout_hall_layers, slime_entry_1,
          serial_bayou_shore_b

Skill      XL: |  1  2  3  4  5  6  7  8  9 10 11 12 13 |
---------------+----------------------------------------+-----
Fighting       | 1 2 3 4 5 7 9 11 12 14 15 | 15.8
Spellcasting   | 4 5 6 8 9 10 11 12 | 12.8
Dodging        | |  2.1
Stealth        | |  1.5

Action                   |  1- 3 |  4- 6 |  7- 9 | 10-12 | 13-15 || total
-------------------------+-------+-------+-------+-------+-------++-------
Melee: Whip              |     5 |       |       |       |       ||     5
       Dagger            |       |       |       |     6 |     3 ||     9
 Cast: Magic Dart        |    82 |    73 |    68 |    90 |    70 ||   383
       Iskenderun's Myst |       |    14 |    27 |   176 |   116 ||   333
       Fulminant Prism   |       |     8 |    17 |    18 |       ||    43
       Scorch            |       |     3 |    23 |     4 |       ||    30
       Animate Dead      |       |       |       |     2 |       ||     2
  Use: Scroll            |       |       |       |       |    11 ||    11
Armor: Robe              |    10 |     2 |     6 |    13 |    15 ||    46
Dodge: Dodged            |    11 |    10 |    19 |    37 |    34 ||   111
